 Dungeon Crawl Stone Soup version bcrawl-1.28.5 (webtiles) character file.

Game seed: 3769132197517252001

376695 Anonimiaus the Unseen (level 13, -4/104 HPs)
             Began as a Vampire Rogue on Jan 27, 2021.
             Was a Believer of Uskayaw.
             Slain by a sea snake (14 damage)
             ... on level 6 of the Lair of Beasts on Jan 29, 2021.
             The game lasted 00:57:25 (18547 turns).

Anonimiaus the Unseen (Vampire Rogue)              Turns: 18547, Time: 00:57:26

Health: -4/104     AC: 10    Str: 16    XL:     13   Next: 38%
Magic:  19/19      EV: 16    Int: 12    God:    Uskayaw [**....]
Gold:   1391       SH:  9    Dex: 25    Spells: 12/12 levels left

rFire    . . .     SeeInvis +   i - +7 dagger of the Baking Soothsayer {freeze, rC+ MR+++ Str+2 Stlth-}
rCold    + + .     Gourm    .   e - +1 buckler {reflect}
rNeg     + + +     Faith    .   N - +3 robe of Clouds {+Thunder rCloud rElec}
rPois    .         Spirit   .   A - +1 hat
rElec    +         Reflect  +   d - +0 cloak
rCorr    .         Harm     .   D - +0 pair of gloves
MR       +++++                  a - +1 pair of boots
Stlth    +++++++...             (no amulet)
HPRegen  0.27/turn              T - +6 ring of dexterity
MPRegen  0.16/turn              C - ring "Ofuhub" {*Slow rElec rC+ rN++ MR+}

@: no status effects
A: claws 1, fangs 3, see invisible, unbreathing
a: Stomp, Line Pass, Renounce Religion, Evoke Thunderclouds


You were on level 6 of the Lair of Beasts.
You worshipped Uskayaw.
Uskayaw was aware of your devotion.
You were not thirsty.

You visited 3 branches of the dungeon, and saw 18 of its levels.
You also visited: Sewer.

You collected 1391 gold pieces.

Inventory:

Hand Weapons
 b - a +2 rapier of speed
 i - the +7 dagger of the Baking Soothsayer (weapon) {freeze, rC+ MR+++ Str+2 Stlth-}
   (You took it off an orc on level 9 of the Dungeon)

   It has been specially enchanted to freeze those struck by it, increasing
   damage dealt by approximately one third against foes not resistant or
   susceptible to cold, and potentially slowing cold-blooded foes.
   It affects your strength (+2).
   It protects you from cold.
   It affects your resistance to hostile enchantments.
   It makes you less stealthy.
 L - a +2 dagger of venom
 S - the +3 hunting sling "Mocvoe" {freeze, rPois MR+ Str-5}
   (You found it on level 5 of the Lair of Beasts)

   It causes projectiles fired from it to freeze those they strike, increasing
   damage dealt by approximately one third against foes not resistant or
   susceptible to cold, and potentially slowing cold-blooded foes.
   It affects your strength (-5).
   It protects you from poison.
   It affects your resistance to hostile enchantments.
Missiles
 h - 261 javelins
 k - 185 poisoned tomahawks (quivered)
 u - 2 throwing nets {=f}
Armour
 a - a +1 pair of boots (worn)
 d - a +0 cloak (worn)
 e - a +1 buckler of reflection (worn)
 n - a +2 leather armour of cold resistance
 x - a +0 helmet
 A - a +1 hat (worn)
 D - a +0 pair of gloves (worn)
 N - the +3 robe of Clouds (worn) {+Thunder rCloud rElec}
   (You found it on level 1 of the Lair of Beasts)

   It insulates you from electricity.
Jewellery
 p - an uncursed ring of resist corrosion
 C - the ring "Ofuhub" (right hand) {*Slow rElec rC+ rN++ MR+}
   (You found it on level 4 of the Dungeon)

   [ring of protection from magic]

   It protects you from cold.
   It insulates you from electricity.
   It greatly protects you from negative energy.
   It affects your resistance to hostile enchantments.
   It may slow you when you take damage.
 Q - a +5 ring of protection
 T - a +6 ring of dexterity (left hand)
Wands
 f - a wand of flame (47)
 g - a wand of enslavement (15)
 j - a wand of random effects (42)
 J - a wand of paralysis (18)
 K - a wand of polymorph (6)
 V - a wand of digging (9)
 W - a wand of clouds (6)
 X - a wand of scattershot (6)
Scrolls
 l - 5 scrolls of magic mapping
 s - 3 scrolls of blinking
 y - 4 scrolls of fear
 B - 3 scrolls of remove curse
 F - 8 scrolls of teleportation
 H - 2 scrolls of amnesia
 I - 4 scrolls of enchant weapon
 M - 2 scrolls of enchant armour
 Z - a scroll of silence
Potions
 c - a potion of might
 m - 10 potions of heal wounds
 o - 2 potions of brilliance
 q - 15 potions of blood
 r - 6 potions of flight
 v - 5 potions of mutation
 w - 2 potions of haste
 z - 10 potions of curing
 E - a potion of berserk rage
 G - a potion of invisibility
 O - a potion of ambrosia
 R - 2 potions of lignification
 Y - a potion of agility
Miscellaneous
 U - a phial of floods


   Skills:
 + Level 10.3 Fighting
 - Level 10.7 Short Blades
 - Level 4.0 Armour
 - Level 5.0 Dodging
 + Level 17.1 Stealth
 + Level 5.5 Shields
 + Level 8.9 Invocations
 + Level 6.5 Evocations


You had 12 spell levels left.
You didn't know any spells.
Your spell library contained the following spells:

 Spells                   Type           Power        Failure   Level  Hunger
 Animate Skeleton         Necr           N/A          52%         1    None
 Apportation              Tloc           #.....       52%         1    None
 Beastly Appendage        Tmut           #.....       52%         1    None
 Corona                   Hex            #......      52%         1    None
 Infusion                 Chrm           #.......     52%         1    None
 Pain                     Necr           #.....       52%         1    None
 Sandblast                Erth           #.....       52%         1    None
 Slow                     Hex            #.......     52%         1    None
 Summon Butterflies       Summ           #.......     52%         1    None
 Ensorcelled Hibernation  Hex/Ice        #.....       65%         2    ####...
 Passwall                 Tmut/Erth      #.......     65%         2    ####...
 Sticks to Snakes         Tmut           #.......     65%         2    ####...
 Confuse                  Hex            #.......     87%         3    #####..
 Dazzling Orbs            Conj/Hex       #......      87%         3    #####..
 Spider Form              Tmut/Pois      #..          87%         3    #####..
 Tukima's Dance           Hex            #.......     87%         3    #####..
 Vampiric Draining        Necr           #.........   87%         3    #####..
 Agony                    Necr           #.......     99%         4    ######.
 Animate Dead             Necr           N/A          99%         4    ######.
 Cause Fear               Hex            #.........   99%         4    ######.
 Ice Form                 Ice/Tmut       #.......     99%         4    ######.
 Blade Hands              Tmut           #.........   100%        5    #######
 Dispel Undead            Necr           #.......     100%        5    #######
 Lightning Bolt           Conj/Air       #.........   100%        5    #######
 Icicle Burst             Conj/Ice       #.........   100%        7    #######
 Chain Lightning          Conj/Air       #.........   100%        8    #######
 Ignition                 Fire           #.........   100%        8    #######
 Shatter                  Erth           #.........   100%        9    #######
 Tornado                  Air            #.........   100%        9    #######


Dungeon Overview and Level Annotations

Branches:
Dungeon (11/12)            Temple (1/1) D:7            Lair (6/6) D:9
 Shoals (0/3) Lair:3       Spider (0/3) Lair:2
  Slime: Lair:5-6       Orc: D:8-11      Vaults: D:11-12

Altars:
Ashenzari
Cheibriados
Dithmenos
Elyvilon
Fedhas
Gozag
Hepliaklqana
Kikubaaqudgha
Lugonu
Makhleb
Nemelex Xobeh
Okawaru
Qazlal
Ru
Sif Muna
Trog
Uskayaw
Vehumet
Wu Jian
Xom
Yredelemnul
Zin
The Shining One

Shops:
D:9 %

Annotations:
D:3 3 runed translucent doors, dcsswall's ghost, amateur BaIE
D:6 1 runed translucent door, yrara's ghost, novice DsFi
D:9 exclusion: statue
Lair:4 3 runed translucent doors, yrara's ghost, journeyman DsFi


Innate Abilities, Weirdness & Mutations

You have sharp fingernails.
You have razor-sharp teeth.
You have supernaturally acute eyesight. (SInv)
You can survive without breathing.


Message History

You miss the sea snake.
The sea snake is moderately wounded.
You hit the sea snake. You freeze the sea snake.
The sea snake is moderately wounded.
The sea snake barely misses you.
You hit the sea snake. Your bite misses the sea snake.
The sea snake is moderately wounded.
You completely miss the sea snake. Your bite misses the sea snake.
The sea snake is heavily wounded.
You block the sea snake's attack.
You barely miss the sea snake.
The sea snake is moderately wounded.
The sea snake bites you!
* * * LOW HITPOINT WARNING * * *
You hit the sea snake. You freeze the sea snake. You bite the sea snake!
The sea snake is severely wounded.
You barely miss the sea snake. You bite the sea snake.
The sea snake is severely wounded.
The sea snake bites you!
You die...

.### ... ##.#####
.#.. .#.....#
##..#
Y......###...#
........P##..###
............#..##
.............#..##
...............S.#
.........P).....@#
...y.....#...#.###
..........#...##
........###...#
P.....Y.# #####
#.#.#P### #######


You could see a sea snake.

Vanquished Creatures
  5 hydras
  An anaconda (Lair:5)
  2 two-headed ogres
  Nergalle (Lair:2)
  Sonja (Lair:2)
  A manticore (Lair:3)
  6 elephants
  2 black mambas (Lair:6)
  5 cane toads
  6 rime drakes
  6 komodo dragons
  A queen bee (D:8)
  A tyrant leech (Lair:5)
  2 trolls
  Grinder (D:4)
  A wind drake (Lair:6)
  A polar bear (Lair:6)
  7 blink frogs (Lair:3)
  7 hippogriffs
  A shadow (D:10)
  4 wyverns
  A wraith (D:11)
  21 yaks
  2 basilisks
  6 fire bats (Lair:5)
  9 spriggans (D:9)
  Eustachio (D:6)
  A hungry ghost (D:9)
  A vampire (D:9)
  Menkaure (D:6)
  10 crocodiles
  8 water moccasins
  9 porcupines
  An orc warrior (D:5)
  A black bear (D:9)
  2 sky beasts
  2 ice beasts
  A slave (D:4)
  A boggart (D:9)
  3 phantoms
  8 wolves
  2 ogres
  7 centaurs
  11 bullfrogs
  2 big kobolds
  6 scorpions
  15 killer bees (D:8)
  8 wights
  3 howler monkeys
  6 crimson imps
  2 quasits
  A centaur zombie (D:8)
  2 bullfrog skeletons
  A jelly (D:10)
  An orc priest (D:5)
  3 centaur skeletons
  2 hounds
  4 orc wizards
  A gnoll shaman (D:9)
  5 iguanas
  Natasha (thrice) (D:3)
  9 worker ants
  3 hound zombies (D:7)
  8 adders
  3 river rats
  2 shadow imps
  2 oozes (D:2)
  3 adder skeletons
  7 worms
  2 dart slugs (D:3)
  10 leopard geckos
  29 orcs
  7 bats
  2 giant cockroaches
  6 hobgoblins
  6 jackals
  2 quokkas
  4 frilled lizards
  A jackal skeleton (D:5)
  9 kobolds
  A quokka zombie (D:5)
  7 rats
  A fungus (Lair:5)
360 creatures vanquished.

Vanquished Creatures (others)
  4 fungi
  12 plants
16 creatures vanquished.

Grand Total: 376 creatures vanquished

Notes
Turn   | Place    | Note
-------+----------+-------------------------------------------
     0 | D:1      | Anonimiaus the Vampire Rogue began the quest for the Orb.
     0 | D:1      | Reached XP level 1. HP: 16/16 MP: 2/2
   143 | D:1      | Reached XP level 2. HP: 19/22 MP: 3/3
   147 | D:1      | Reached skill level 7 in Stealth
   730 | D:2      | Reached XP level 3. HP: 27/27 MP: 4/4
   937 | D:2      | Found a hazy altar of Hepliaklqana.
  1029 | D:2      | Found a faded altar of an unknown god.
  1277 | D:2      | Found a burning altar of Makhleb.
  1474 | D:3      | Reached XP level 4. HP: 34/34 MP: 5/5
  1487 | D:3      | Reached skill level 8 in Stealth
  1613 | D:3      | Reached XP level 5. HP: 29/40 MP: 6/6
  1772 | D:3      | Noticed Natasha
  1779 | D:3      | Killed Natasha
  1806 | D:3      | Noticed Natasha
  1995 | D:3      | Killed Natasha
  2060 | D:3      | Found a runed translucent gate.
  2060 | D:3      | Found a runed translucent gate.
  2060 | D:3      | Found a runed translucent gate.
  2093 | D:3      | Noticed dcsswall's ghost (amateur BaIE)
  2135 | D:3      | Noticed Natasha
  2146 | D:3      | Killed Natasha
  2282 | D:4      | Noticed a slave
  2283 | D:4      | Noticed a slave
  2309 | D:4      | Killed a slave
  2358 | D:4      | Reached skill level 9 in Stealth
  2358 | D:4      | Reached XP level 6. HP: 39/47 MP: 7/7
  2441 | D:4      | Noticed a slave
  2521 | D:4      | Reached skill level 5 in Short Blades
  2725 | D:4      | Got a warped iron ring
  2726 | D:4      | Identified the ring "Ofuhub" {*Slow rElec rC+ rN++ MR+}
                  | (You found it on level 4 of the Dungeon)
  2762 | D:4      | Noticed Grinder
  2881 | D:4      | Found a glowing drain.
  2890 | Sewer    | Entered a sewer
  2973 | Sewer    | Reached XP level 7. HP: 54/54 MP: 8/8
  3029 | Sewer    | Found a glowing silver altar of Zin.
  3508 | D:4      | Reached skill level 10 in Stealth
  3842 | D:4      | Killed Grinder
  3933 | D:5      | Entered Level 5 of the Dungeon
  3963 | D:5      | Reached skill level 5 in Fighting
  3963 | D:5      | Reached XP level 8. HP: 62/62 MP: 9/9
  4418 | D:5      | Reached skill level 11 in Stealth
  4924 | D:5      | Got an encrusted mace
  5006 | D:5      | Reached skill level 12 in Stealth
  5114 | D:5      | Found a blossoming altar of Fedhas.
  5256 | D:6      | Noticed Eustachio
  5264 | D:6      | Killed Eustachio
  5265 | D:6      | Reached XP level 9. HP: 70/70 MP: 10/10
  5500 | D:6      | Noticed Menkaure
  5501 | D:6      | Killed Menkaure
  5549 | D:6      | Found a sparkling altar of Nemelex Xobeh.
  5625 | D:6      | Found a runed translucent door.
  5900 | D:6      | Noticed yrara's ghost (novice DsFi)
  5972 | D:7      | Found an ornate altar of the Wu Jian Council.
  6007 | D:7      | Found a staircase to the Ecumenical Temple.
  6015 | Temple   | Entered the Ecumenical Temple
  6185 | Temple   | Became a worshipper of Uskayaw the Reveler
  6222 | D:7      | Reached * piety under Uskayaw
  6426 | D:7      | Reached ** piety under Uskayaw
  7100 | D:7      | Reached skill level 13 in Stealth
  7110 | D:7      | Reached *** piety under Uskayaw
  7209 | D:8      | Got a polished trident
  7214 | D:8      | Identified the +7 trident "Bien" {vamp, rElec rC++ MP-9
                  | Stlth+} (You found it on level 8 of the Dungeon)
  7307 | D:8      | Noticed a troll
  7308 | D:8      | Noticed a queen bee
  7408 | D:8      | Found a basalt altar of Yredelemnul.
  7437 | D:8      | Noticed a troll
  7499 | D:8      | Reached skill level 1 in Dodging
  7502 | D:8      | HP: 3/72 [killer bee (1)]
  7779 | D:8      | Reached skill level 1 in Invocations
  8012 | D:8      | Reached skill level 1 in Armour
  8012 | D:8      | Reached **** piety under Uskayaw
  8734 | D:8      | Killed a queen bee
  8735 | D:8      | Reached XP level 10. HP: 76/79 MP: 2/11
  8870 | D:8      | Reached ***** piety under Uskayaw
  9284 | D:9      | Found a shimmering altar of Xom.
  9284 | D:9      | Found a shimmering altar of Xom.
  9284 | D:9      | Found a shimmering altar of Xom.
  9325 | D:9      | Noticed a five-headed hydra
  9329 | D:9      | Killed a five-headed hydra
  9330 | D:9      | Reached skill level 10 in Short Blades
  9338 | D:9      | Noticed an elephant
  9386 | D:9      | Killed an elephant
  9401 | D:9      | Identified the +7 dagger of the Baking Soothsayer {freeze,
                  | rC+ MR+++ Str+2 Stlth-}
  9471 | D:9      | Found a bloodstained altar of Trog.
  9480 | D:9      | Found a staircase to the Lair.
  9511 | D:9      | Reached skill level 14 in Stealth
  9975 | D:9      | Reached skill level 5 in Invocations
 10013 | D:9      | Reached XP level 11. HP: 84/86 MP: 14/14
 10072 | D:9      | Found a glowing silver altar of Zin.
 10134 | D:9      | Noticed a two-headed ogre
 10146 | D:9      | Killed a two-headed ogre
 10167 | D:9      | Found Wodaojica's Food Shop.
 10532 | D:10     | Entered Level 10 of the Dungeon
 10558 | D:10     | Reached skill level 5 in Dodging
 10710 | D:10     | Noticed a two-headed ogre
 10721 | D:10     | Killed a two-headed ogre
 10722 | D:10     | Reached skill level 1 in Shields
 10792 | D:10     | Found a shadowy altar of Dithmenos.
 11755 | D:11     | Noticed a skeletal warrior
 11756 | D:11     | Noticed a death knight
 11773 | D:10     | HP: 4/87 [troll (16)]
 11956 | D:9      | Noticed a mana viper
 11990 | Lair:1   | Entered Level 1 of the Lair of Beasts
 12009 | Lair:1   | Reached skill level 15 in Stealth
 12117 | Lair:1   | Found the +3 robe of Clouds {+Thunder rCloud rElec}
 12671 | Lair:2   | Found a hole to the Spider Nest.
 13216 | Lair:2   | Reached XP level 12. HP: 95/95 MP: 17/17
 13266 | Lair:2   | Noticed Nergalle
 13315 | Lair:2   | Killed Nergalle
 13399 | Lair:2   | Noticed Sonja
 13405 | Lair:2   | Killed Sonja
 13429 | Lair:2   | Noticed a four-headed hydra
 13434 | Lair:2   | Killed a four-headed hydra
 13447 | Lair:2   | Noticed an eight-headed hydra
 13512 | Lair:2   | Killed an eight-headed hydra
 14072 | Lair:3   | Reached skill level 16 in Stealth
 14107 | Lair:3   | Found a staircase to the Shoals.
 14152 | Lair:3   | Reached ****** piety under Uskayaw
 14778 | Lair:3   | Reached skill level 5 in Evocations
 15340 | Lair:4   | Got a transparent scale mail
 15573 | Lair:4   | Found a runed translucent gate.
 15573 | Lair:4   | Found a runed translucent gate.
 15573 | Lair:4   | Found a runed translucent gate.
 15579 | Lair:4   | Noticed yrara's ghost (journeyman DsFi)
 15680 | Lair:4   | Noticed an eight-headed hydra
 15699 | Lair:4   | Killed an eight-headed hydra
 16259 | Lair:5   | Identified the cursed +0 scale mail of Ditsun {rF- Regen+
                  | Int+8} (You found it on level 4 of the Lair of Beasts)
 16391 | Lair:5   | Noticed a six-headed hydra
 16405 | Lair:5   | Noticed a five-headed hydra
 16406 | Lair:5   | a five-headed hydra changed into a tyrant leech
 16681 | Lair:5   | Got a dazzling hunting sling
 16683 | Lair:5   | Identified the +3 hunting sling "Mocvoe" {freeze, rPois MR+
                  | Str-5} (You found it on level 5 of the Lair of Beasts)
 16716 | Lair:5   | Killed a six-headed hydra
 16781 | Lair:5   | Reached XP level 13. HP: 88/103 MP: 19/19
 16784 | Lair:5   | Reached skill level 10 in Fighting
 16836 | Lair:5   | Reached skill level 5 in Shields
 17387 | Lair:6   | Entered Level 6 of the Lair of Beasts
 17917 | Lair:6   | Reached skill level 17 in Stealth
 18547 | Lair:6   | Slain by a sea snake

Skill      XL: |  1  2  3  4  5  6  7  8  9 10 11 12 13 |
---------------+----------------------------------------+-----
Stealth        | 7 8 9 10 12 13 14 15 16 17 | 17.1
Fighting       | 2 3 4 5 6 7 8 9 10 | 10.3
Short Blades   | 3 4 5 6 8 9 10 | 10.7
Dodging        | 2 4 5 |  5.0
Invocations    | 2 5 7 8 |  8.9
Armour         | 1 3 4 |  4.0
Shields        | 2 4 5 |  5.5
Evocations     | 3 5 6 |  6.5

Action                   |  1- 3 |  4- 6 |  7- 9 | 10-12 | 13-15 || total
-------------------------+-------+-------+-------+-------+-------++-------
Melee: Dagger            |    38 |       |    65 |   653 |   193 ||   949
       Bite              |    11 |    14 |    45 |   113 |    41 ||   224
       Short sword       |    55 |   170 |   232 |   151 |       ||   608
       Trident           |       |       |    64 |       |       ||    64
Throw: Javelin           |     2 |       |       |       |       ||     2
       Tomahawk          |       |       |    10 |    11 |     3 ||    24
Invok: Stomp             |       |       |       |     1 |       ||     1
       Grand Finale      |       |       |       |     1 |       ||     1
 Abil: Evoke Thunderclou |       |       |       |       |     1 ||     1
Evoke: Wand              |       |       |       |     2 |       ||     2
  Use: Potion            |     5 |     3 |    14 |    27 |     9 ||    58
       Scroll            |       |       |    14 |    12 |     5 ||    31
 Stab: Sleeping          |    13 |    13 |    29 |    38 |     1 ||    94
       Paralysed         |       |       |     1 |    33 |    14 ||    48
Armor: Robe              |    20 |       |       |    40 |    37 ||    97
       Leather armour    |    21 |    56 |   121 |   140 |       ||   338
Dodge: Dodged            |    68 |    69 |   208 |   415 |   114 ||   874
Block: Buckler           |       |       |       |    78 |    52 ||   130
       Reflection        |       |       |       |     3 |       ||     3
